 Dungeon Crawl Stone Soup version 0.25.1-2-g60ff931df9 (webtiles) character file.

Game seed: 15921382520209777978

6178 Curus the Basher (level 10, -1/80 HPs)
             Began as a Hill Orc Fighter on Nov 2, 2020.
             Was an Elder of Okawaru.
             Slain by a seven-headed hydra (10 damage)
             ... on level 2 of the Lair of Beasts.
             The game lasted 00:59:34 (12630 turns).

Curus the Basher (Hill Orc Fighter)                Turns: 12630, Time: 00:59:36

Health: -1/80      AC: 19    Str: 19 (20) XL:     10   Next: 91%
Magic:  13/15      EV: 13    Int:  7 (8)  God:    Okawaru [****..]
Gold:   431        SH: 18    Dex: 11      Spells: 9/9 levels left

rFire    . . .     SeeInvis .   a - +2 flail
rCold    + . .     Gourm    .   c - +1 kite shield
rNeg     + . .     Faith    .   m - +0 chain mail
rPois    .         Spirit   .   s - +1 helmet
rElec    +         Reflect  +   q - scarf {repulsion}
rCorr    .         Harm     .   t - +0 pair of gloves
MR       .....                  x - +1 pair of boots "Ylluopn" {rC+}
Stlth    ..........             A - amulet of reflection
HPRegen  0.23/turn              C - ring of Tiresa {+Blink rElec rN+}
MPRegen  0.14/turn              n - +4 ring of evasion

@: heroism, repel missiles
A: icy blue scales 1, clumsy 1
a: Heroism, Renounce Religion, Evoke Blink


You were on level 2 of the Lair of Beasts.
You worshipped Okawaru.
Okawaru was greatly pleased with you.
You were not hungry.

You visited 3 branches of the dungeon, and saw 11 of its levels.

You collected 431 gold pieces.

Inventory:

Hand Weapons
 a - a +2 flail (weapon)
Armour
 b - a +0 scale mail
 c - a +1 kite shield (worn)
 m - a +0 chain mail (worn)
 q - a scarf of repulsion (worn)
 s - a +1 helmet (worn)
 t - a +0 pair of gloves (worn)
 w - a +1 pair of boots
 x - the +1 pair of boots "Ylluopn" (worn) {rC+}
   (You found it on level 8 of the Dungeon)

   It protects you from cold.
Jewellery
 d - a +6 ring of strength
 e - an uncursed amulet of inaccuracy
 g - an uncursed ring of see invisible
 n - a +4 ring of evasion (right hand)
 o - an uncursed ring of wizardry
 p - an uncursed amulet of guardian spirit
 r - the ring "Unniew" {Str+3 Int+4 Dex-4}
   (You found it on level 5 of the Dungeon)

   [ring of dexterity]

   It affects your strength (+3).
   It affects your intelligence (+4).
   It affects your dexterity (-4).
 z - an uncursed ring of stealth
 A - an amulet of reflection (around neck)
 C - the ring of Tiresa (left hand) {+Blink rElec rN+}
   (You found it on level 8 of the Dungeon)

   [ring of positive energy]

   It insulates you from electricity.
   It protects you from negative energy.
   It lets you blink.
 D - an uncursed amulet of the acrobat
 E - an uncursed amulet of faith {unknown}
 F - an uncursed ring of flight
 G - a +4 ring of protection
Wands
 y - a wand of iceblast (12)
Scrolls
 h - 2 scrolls of teleportation
 j - 5 scrolls of identify
 B - 4 scrolls of remove curse
Potions
 i - 2 potions of stabbing
 k - a potion of ambrosia
 l - 3 potions of heal wounds
 u - a potion of flight
 v - a potion of cancellation
 H - a potion of curing
Comestibles
 f - 14 rations
 I - a chunk of flesh


   Skills:
 - Level 4.9(9.9) Fighting
 - Level 14.0(19.0) Maces & Flails
 - Level 4.4(9.4) Armour
 + Level 7.0(12.0) Shields
 + Level 7.2 Invocations
 + Level 1.5 Evocations


You had 9 spell levels left.
You didn't know any spells.
Your spell library contained the following spells:

 Spells                   Type           Power        Failure   Level  Hunger
 Foxfire                  Conj/Fire      #...         99%         1    ##.....
 Freeze                   Ice            #...         99%         1    ##.....
 Magic Dart               Conj           #...         99%         1    ##.....
 Summon Butterflies       Summ           #.......     99%         1    ##.....
 Searing Ray              Conj           #.....       100%        2    ###....
 Call Canine Familiar     Summ           #.......     100%        3    ####...
 Conjure Flame            Conj/Fire      #.......     100%        3    ####...
 Dazzling Flash           Conj/Hex       #.....       100%        3    ####...
 Frozen Ramparts          Ice            #.....       100%        3    ####...
 Inner Flame              Hex/Fire       #.......     100%        3    ####...
 Ozocubu's Armour         Chrm/Ice       #.......     100%        3    ####...
 Fulminant Prism          Conj/Hex       #.........   100%        4    #####..
 Hailstorm                Conj/Ice       #.......     100%        4    #####..
 Iskenderun's Mystic Bla  Conj/Tloc      #.......     100%        4    #####..
 Sticky Flame             Conj/Fire      #.......     100%        4    #####..
 Summon Ice Beast         Ice/Summ       #.......     100%        4    #####..
 Fireball                 Conj/Fire      #.........   100%        5    ######.
 Summon Mana Viper        Hex/Summ       #.......     100%        5    ######.
 Summon Hydra             Summ           #.........   100%        7    #######


Dungeon Overview and Level Annotations

Branches:
Dungeon (8/15)             Temple (1/1) D:6            Lair (2/6) D:8
  Swamp: Lair:2-4    Shoals: Lair:2-4     Snake: Lair:2-4    Spider: Lair:2-4

Altars:
Ashenzari
Cheibriados
Dithmenos
Elyvilon
Fedhas
Hepliaklqana
Kikubaaqudgha
Okawaru
Qazlal
Ru
Sif Muna
Uskayaw
Vehumet
Wu Jian
Xom
Yredelemnul
Zin

Annotations:
Lair:1 3 runed translucent doors, SanSoy12's ghost, journeyman TrFi


Innate Abilities, Weirdness & Mutations

You are partially covered in icy blue scales. (AC +2)
You are clumsy. (Dex -2)


Message History

The seven-headed hydra bites you but does no damage.
You hit the seven-headed hydra.
The seven-headed hydra is almost dead.
You block the seven-headed hydra's attack.
The seven-headed hydra bites you but does no damage.
The seven-headed hydra barely misses you.
You block the seven-headed hydra's attack.
The seven-headed hydra bites you. The seven-headed hydra bites you!
* * * LOW HITPOINT WARNING * * *
The seven-headed hydra bites you but does no damage.
You barely miss the seven-headed hydra.
The seven-headed hydra is almost dead.
You sock the seven-headed hydra!
The seven-headed hydra is almost dead.
The seven-headed hydra bites you!
* * * LOW HITPOINT WARNING * * *
You block the seven-headed hydra's attack. x2
The seven-headed hydra bites you but does no damage.
The seven-headed hydra bites you!
You die...

...#..##<.#.....#
................###
.......#....#.#.#.#
#....###..#..##..##
.....###..P.###..#
......##....###..#####
.................#...##P
......P.....P....D......
#...............@.......
#.......≈≈≈≈........#P..
#P......≈≈≈≈.PP....#..P.
........≈##≈.........#..
........≈≈≈≈..P.#P≈..# .
.... $.....##≈≈≈#.$.
.... .......#≈≈≈≈....
.... .....P.≈#≈P....
....


You could see a seven-headed hydra.

Vanquished Creatures
  2 spiny frogs (Lair:1)
  A komodo dragon (Lair:2)
  Sigmund (D:4)
  5 yaks (Lair:1)
  4 water moccasins
  3 porcupines
  2 orc warriors
  A black bear (D:7)
  An ice beast (D:7)
  A phantom (D:8)
  6 ogres
  4 wolves (Lair:1)
  4 centaurs
  4 crocodiles (Lair:1)
  A big kobold (D:8)
  6 bullfrogs
  5 killer bees (D:8)
  5 wights (D:7)
  A crimson imp (D:8)
  A bullfrog zombie (D:5)
  2 centaur zombies (D:5)
  2 hounds
  6 orc wizards
  A quasit (D:6)
  An orc priest (D:8)
  A gnoll shaman (D:4)
  2 iguanas
  Natasha (D:2)
  6 worker ants
  A worker ant zombie (D:6)
  7 gnolls (D:4)
  9 adders
  A shadow imp (D:7)
  2 oozes
  An adder zombie (D:8)
  An adder skeleton (D:4)
  3 worms
  2 dart slugs (D:1)
  4 leopard geckos
  31 orcs
  5 giant cockroaches
  5 hobgoblins
  13 jackals
  11 kobolds
  2 quokkas (D:8)
  A ball python (D:7)
  12 bats
  2 frilled lizards
  9 goblins
  A jackal zombie (D:6)
  A quokka skeleton (D:4)
  7 rats
211 creatures vanquished.

Vanquished Creatures (others)
  A fungus (Lair:1)
  3 plants (Lair:1)
4 creatures vanquished.

Grand Total: 215 creatures vanquished

Notes
Turn   | Place    | Note
-------+----------+-------------------------------------------
     0 | D:1      | Curus the Hill Orc Fighter began the quest for the Orb.
     0 | D:1      | Reached XP level 1. HP: 19/19 MP: 1/1
    34 | D:1      | Reached XP level 2. HP: 7/26 MP: 2/2
    35 | D:1      | Reached skill level 3 in Maces & Flails
   627 | D:1      | Reached XP level 3. HP: 28/31 MP: 3/3
   786 | D:1      | Reached skill level 4 in Maces & Flails
  1540 | D:2      | Reached XP level 4. HP: 25/39 MP: 4/4
  1970 | D:2      | HP: 1/39 [jackal (2)]
  2489 | D:2      | Reached skill level 5 in Maces & Flails
  2578 | D:2      | Noticed Natasha
  2582 | D:2      | Killed Natasha
  2797 | D:2      | Reached XP level 5. HP: 45/45 MP: 5/5
  3163 | D:3      | Found an ornate altar of the Wu Jian Council.
  3199 | D:3      | Reached skill level 6 in Maces & Flails
  4070 | D:3      | Found a shadowy altar of Dithmenos.
  4196 | D:4      | Reached XP level 6. HP: 46/51 MP: 6/6
  4273 | D:3      | Reached skill level 7 in Maces & Flails
  4540 | D:4      | Found a shimmering altar of Xom.
  4540 | D:4      | Found a stormy altar of Qazlal.
  4699 | D:4      | Noticed Sigmund
  4725 | D:4      | Killed Sigmund
  4725 | D:4      | Reached skill level 8 in Maces & Flails
  4725 | D:4      | Reached XP level 7. HP: 26/57 MP: 7/7
  4872 | D:4      | Identified the cursed +1 leather armour "Kifampou" {Harm
                  | rCorr Slay+3 Stlth-}
  5313 | D:4      | Found a radiant altar of Vehumet.
  5346 | D:4      | Reached skill level 9 in Maces & Flails
  5914 | D:4      | Noticed an angel
  5915 | D:4      | Found a glowing silver altar of Zin.
  5969 | D:5      | Entered Level 5 of the Dungeon
  6024 | D:5      | Gained mutation: You are clumsy. (Dex -2) [potion of
                  | mutation]
  6024 | D:5      | Gained mutation: You are partially covered in icy blue
                  | scales. (AC +2) [potion of mutation]
  6249 | D:5      | Reached XP level 8. HP: 63/64 MP: 8/8
  6275 | D:5      | Reached skill level 10 in Maces & Flails
  6378 | D:5      | Got a shimmering brass ring
  6380 | D:5      | Identified the cursed ring "Unniew" {Str+3 Int+4 Dex-4}
                  | (You found it on level 5 of the Dungeon)
  6768 | D:5      | Found a shimmering blue altar of Sif Muna.
  7515 | D:6      | Reached skill level 11 in Maces & Flails
  7555 | D:6      | Found a shattered altar of Ashenzari.
  7724 | D:6      | Found a staircase to the Ecumenical Temple.
  7733 | Temple   | Entered the Ecumenical Temple
  7748 | Temple   | Became a worshipper of Warmaster Okawaru
  8142 | D:6      | Reached skill level 12 in Maces & Flails
  8142 | D:6      | Reached XP level 9. HP: 39/70 MP: 6/9
  8670 | D:7      | Reached * piety under Okawaru
  8869 | D:7      | Found a hide-covered altar of Uskayaw.
  8872 | D:7      | Found a blossoming altar of Fedhas.
  8873 | D:7      | Found a hazy altar of Hepliaklqana.
  9059 | D:7      | Reached skill level 13 in Maces & Flails
  9190 | D:7      | Found a snail-covered altar of Cheibriados.
  9399 | D:8      | Reached ** piety under Okawaru
  9740 | D:8      | Got a pair of warped boots
  9757 | D:8      | Identified the +1 pair of boots "Ylluopn" {rC+} (You found
                  | it on level 8 of the Dungeon)
  9799 | D:8      | Reached skill level 14 in Maces & Flails
  9842 | D:8      | Reached XP level 10. HP: 54/80 MP: 10/10
 10103 | D:8      | Got a pitted brass ring
 10105 | D:8      | Identified the ring of Tiresa {+Blink rElec rN+} (You found
                  | it on level 8 of the Dungeon)
 10116 | D:8      | Found a staircase to the Lair.
 10121 | Lair:1   | Entered Level 1 of the Lair of Beasts
 10198 | Lair:1   | Reached skill level 1 in Invocations
 10335 | Lair:1   | Noticed a spiny frog
 10346 | Lair:1   | Killed a spiny frog
 10376 | Lair:1   | Reached *** piety under Okawaru
 10381 | Lair:1   | Reached skill level 5 in Shields
 10775 | Lair:1   | Found a runed translucent gate.
 10777 | Lair:1   | Noticed a spiny frog
 11224 | Lair:1   | Found a runed translucent gate.
 11225 | Lair:1   | Found a runed translucent gate.
 11227 | Lair:1   | Noticed SanSoy12's ghost (journeyman TrFi)
 11229 | Lair:1   | Noticed a nine-headed hydra
 11251 | Lair:1   | Reached skill level 5 in Invocations
 11644 | Lair:1   | Killed a spiny frog
 12078 | Lair:2   | Reached **** piety under Okawaru
 12078 | Lair:2   | Reached skill level 1 in Evocations
 12616 | Lair:2   | Noticed a seven-headed hydra
 12630 | Lair:2   | Slain by a seven-headed hydra

Illustrated notes

Levels and vault maps discovered:
D:1:      elethiomel_arrival_shortcut, layout_basic
D:2:      layout_loops_ring, first_ration, serial_forest,
          infiniplex_forest_straight_4, infiniplex_forest_lined_2,
          infiniplex_forest_side_room, infiniplex_forest_corner_1,
          infiniplex_forest_lined_ring, infiniplex_forest_straight_3,
          infiniplex_forest_clump_diagonal, infiniplex_forest_lined_2,
          infiniplex_forest_clump_small, uniq_natasha
D:3:      layout_basic, grunt_dithmenos_smoke_and_mirrors,
          nicolae_overflow_crystal_walls, minmay_cut_off
D:4:      layout_cave_pools, lemuel_round_altar,
          chequers_temple_overflow_statue_of_worship, zin_angel, uniq_sigmund
D:5:      layout_basic, tgw_sif, nicolae_ossuary_entry_plus,
          hangedman_abyss_or_decor_stabs, st_stairs_9
D:6:      layout_loops_ring, cheibrodos_ashenzari_chains,
          minmay_temple_entry_antechambers, eino_small_chamber_without_monster
D:7:      layout_loops_cross, grunt_temple_overflow_open,
          nicolae_overflow_hidden_temple, kennysheep_decorative_pillar
D:8:      layout_gridville, lair_entry_dummy
Temple:   zaba_magenta_temple
Lair:1:   layout_concentric_octagons, gammafunk_ghost_hydra_chop, minivault_24
Lair:2:   layout_gridlike, serial_forest, infiniplex_forest_lined_2,
          infiniplex_forest_end_double, infiniplex_forest_straight_3,
          infiniplex_forest_join, infiniplex_forest_clump_tiny,
          infiniplex_forest_clump_medium, infiniplex_forest_clump_C,
          serial_bayou_shore_a

Skill      XL: |  1  2  3  4  5  6  7  8  9 10 |
---------------+-------------------------------+-----
Maces & Flails | 3 4 5 6 8 9 12 14 | 14.0
Fighting       | 4 |  4.9
Armour         | 4 |  4.4
Invocations    | 7 |  7.2
Shields        | 7 |  7.0
Evocations     | 1 |  1.5

Action                   |  1- 3 |  4- 6 |  7- 9 | 10-12 || total
-------------------------+-------+-------+-------+-------++-------
Melee: Flail             |   232 |   417 |   559 |   199 ||  1407
Invok: Heroism           |       |       |       |     3 ||     3
  Use: Potion            |     2 |     5 |     4 |     3 ||    14
       Scroll            |     2 |     3 |    10 |     4 ||    19
  Eat: Chunk             |     2 |    11 |    13 |     4 ||    30
       Ration            |       |       |     1 |     2 ||     3
Armor: Scale mail        |    98 |   111 |       |       ||   209
       Chain mail        |       |   139 |   214 |    81 ||   434
Dodge: Dodged            |    75 |   187 |   170 |    62 ||   494
       Repelled          |       |       |     2 |       ||     2
Block: Kite shield       |   134 |   284 |   340 |   166 ||   924
       Reflection        |       |       |    15 |       ||    15
